 Dungeon Crawl Stone Soup version 0.31-a0-640-g39d97e502b (webtiles) character file.

Game seed: 11055513804779787720

324 Hubris850 the Changeling (level 6, -4/39 HPs)
             Began as a Merfolk Shapeshifter on Aug 28, 2023.
             Killed by divine providence
             ... invoked by an orc priest
              (14 damage)
             ... on level 5 of the Dungeon.
             The game lasted 00:09:02 (3199 turns).

Hubris850 the Changeling (Merfolk Shapeshifter)     Turns: 3199, Time: 00:09:03

Health: -4/39      AC: 10    Str: 14    XL:     6   Next: 48%
Magic:  6/6        EV:  7    Int: 12    God:
Gold:   160        SH:  0    Dex: 13    Spells: 5/5 levels left

rFire   . . .        u - melded +2 dagger (venom)
rCold   . . .        (shield currently unavailable)
rNeg    + . .        v - +2 chain mail {rN+}
rPois   +            (no helmet)
rElec   .            z - scarf {+Inv}
rCorr   .            (no gloves)
SInv    +            (no boots)
Will    .....        (no amulet) Stlth
                     j - ring of poison resistance
HPRegen 0.26/turn    t - ring of see invisible
MPRegen 0.10/turn

%: no passive effects
@: mighty, flux-form, glowing
A: glow, contaminating, reduced hp, (nimble swimmer 2), mertail
a: Begin Untransformation, Evoke Invisibility


You were on level 5 of the Dungeon.
You were something dangerously unstable.
You visited 1 branch of the dungeon, and saw 5 of its levels.

You collected 256 gold pieces.
You spent 96 gold pieces at shops.

Inventory:

Hand Weapons
 b - a +2 short sword of freezing
 g - a +0 dagger
 q - a +4 quarterstaff of chaos
 r - the +4 hammer "Itsur" {flame, *Rage *Corrode rPois rN+++}
   (You found it on level 2 of the Dungeon)

   rPois:     It protects you from poison rN+++: It renders you almost immune to
   negative energy.
   *Rage:     It berserks you when you make melee attacks (+20% chance).
   *Corrode:  It may corrode you when you take damage.
 u - a +2 dagger of venom (melded)
Missiles
 s - 5 poisoned darts
Armour
 a - a +0 animal skin
 i - a +0 chain mail
 l - a +0 cloak
 m - a +0 buckler
 n - a +0 ring mail
 v - a +2 chain mail of positive energy (worn)
 z - a scarf of invisibility (worn)
Jewellery
 j - a ring of poison resistance (left hand)
 k - a ring of positive energy
 t - a ring of see invisible (right hand)
Talismans
 c - a beast talisman
 d - a flux talisman (active)
Scrolls
 p - a scroll of amnesia
 w - a scroll of blinking
 y - a scroll of teleportation {unknown}
 A - a scroll of revelation {unknown}
Potions
 e - 2 potions of curing
 f - a potion of attraction
 h - 2 potions of brilliance
 x - a potion of mutation
 B - a potion of haste {unknown}


   Skills:
 - Level 1.1 Fighting
 - Level 2.0 Armour
 - Level 3.4 Dodging
 + Level 5.2 Unarmed Combat
 + Level 6.2 Shapeshifting


You had 5 spell levels left.
You didn't know any spells.
Your spell library contained the following spells:

 Spells                   Type           Power      Damage    Failure   Level
 Cause Fear               Hex            0%         N/A       100%        4
 Fireball                 Conj/Fire      0%         3d3       100%        5
 Dragon's Call            Summ           0%         N/A       100%        9


Dungeon Overview and Level Annotations

Branches:
Dungeon (5/15)
 Temple: D:4-7

Altars:
Sif Muna

Shops:
D:4 !![:


Innate Abilities, Weirdness & Mutations

You are something dangerously unstable.
You glow with magical radiation, making you easy to see and hit.
Foes you strike become dangerously contaminated with magical radiation.
Your maximum health is decreased, since you lack skill for your form.
You are incapable of wielding weapons or throwing items.
((You are very nimble when in or above water. (Stealth+, EV+, Speed+++)))
Your lower body shifts to a powerful aquatic tail in water.


Message History

The orc shouts!
The orc hits you but does no damage.
An orc priest comes into view. It is wielding a +0 mace.
You barely miss the orc.
The orc priest shouts!
The orc hits you but does no damage.
You closely miss the orc. You closely miss the orc. The orc barely misses you.
You barely miss the orc. The orc hits you with a +0 short sword.
The orc hits you but does no damage.
You hit the orc.
The orc begins to glow.
The orc is severely wounded.
The orc hits you but does no damage. The orc hits you with a +0 war axe.
You completely miss the orc.
The orc is severely wounded.
The orc hits you but does no damage. The orc barely misses you.
You hit the orc.
The orc begins to glow.
The orc is heavily wounded.
The orc hits you with a +0 short sword. The orc hits you with a +0 war axe!
The orc barely misses you.
You hit the orc.
The orc glows dangerously bright.
The orc is severely wounded.
The orc hits you but does no damage. The orc hits you with a +0 war axe. x2
You hit the orc but do no damage.
The orc shudders as magic cascades through it!!
You kill the orc!
The orc priest hits you but does no damage.
The orc hits you with a +0 war axe.
* * * LOW HITPOINT WARNING * * *
Unknown command.
You feel very mighty all of a sudden. The orc barely misses you.
The orc wizard hits you but does no damage.
The orc priest hits you but does no damage.
The orc closely misses you.
You punch the orc priest!
The orc priest begins to glow.
The orc priest is heavily wounded.
The orc priest calls down the wrath of Beogh upon you.
Beogh smites you!
You die...

.# .# .. ##. . .. #.. .
#... #.# .... .#. #.#
.... ..####.###....
#.#........#
##o#.##..#.##
#.oB.##..#.# ###
#.#oo.†..#.#####.###
......###............
.....##.#####.##.##.##.
... #.
#.......##.##.##. .. #
##########....##. .
#<#####. #.# #. #.. ..


You could see an orc priest (contam), an orc wizard and 2 orcs.

Vanquished Creatures
  2 hounds (D:4)
  Crazy Yiuf (D:2)
  2 orc priests
  An orc wizard (D:4)
  6 adders
  A worm (D:3)
  2 dart slugs
  14 orcs
  6 endoplasms
  7 goblins
  4 hobgoblins
  6 jackals
  7 kobolds
  6 quokkas
  3 ball pythons
  4 bats
  A frilled lizard (D:2)
  6 rats (D:3)
79 creatures vanquished.

Notes
Turn   | Place    | Note
-------+----------+-------------------------------------------
     0 | D:1      | Hubris850 the Merfolk Shapeshifter began the quest for the
                  | Orb.
     0 | D:1      | Reached XP level 1. HP: 15/15 MP: 1/1
   117 | D:1      | Reached XP level 2. HP: 16/21 MP: 2/2
   835 | D:2      | Reached XP level 3. HP: 26/26 MP: 3/3
  1264 | D:2      | Found a runed translucent door.
  1265 | D:2      | Noticed Crazy Yiuf
  1271 | D:2      | Killed Crazy Yiuf
  1272 | D:2      | Reached skill level 1 in Armour
  1272 | D:2      | Reached XP level 4. HP: 32/32 MP: 2/4
  1293 | D:2      | Identified the +4 hammer "Itsur" {flame, *Rage *Corrode
                  | rPois rN+++}
  1402 | D:3      | Reached skill level 5 in Shapeshifting
  1403 | D:3      | Reached XP level 5. HP: 24/37 MP: 5/5
  1412 | D:3      | HP: 2/55 [worm (7)]
  2188 | D:4      | Found Uwewket's Armour Shoppe.
  2319 | D:4      | Reached XP level 6. HP: 43/43 MP: 6/6
  2364 | D:4      | Found a transporter.
  2366 | D:4      | Found Xysseyph's Distillery.
  2409 | D:4      | Found Kekkerar's Distillery.
  2414 | D:4      | Bought a potion of mutation for 96 gold pieces
  2425 | D:4      | Reached skill level 5 in Unarmed Combat
  2460 | D:4      | Reached skill level 6 in Shapeshifting
  2604 | D:4      | Found Nankau's Book Shop.
  2674 | D:4      | Found a transporter.
  2868 | D:4      | Found a shimmering blue altar of Sif Muna.
  3024 | D:5      | Entered Level 5 of the Dungeon
  3199 | D:5      | Killed from afar by an orc priest

Illustrated notes

Levels and vault maps discovered:
D:1:      amcnicky_arrival_wind_blow, layout_basic
D:2:      layout_basic, uniq_crazy_yiuf_cottage
D:3:      layout_loops_ring
D:4:      layout_loops_cross, kennysheep_orc_sif_temple, serial_shops,
          nicolae_shop_drivethru, nicolae_shop_rolling_square,
          nicolae_shop_real_fake_doors, shop, kennysheep_doodads,
          dreamdust_wishing_well
D:5:      layout_loops_cross, minmay_temple_entry_glass, portal_sewer_entry_e,
          uniq_edmund, uniq_menkaure

Skill      XL: |  1  2  3  4  5  6 |
---------------+-------------------+-----
Dodging        | 3 |  3.4
Armour         | 1 2 |  2.0
Unarmed Combat | 4 5 |  5.2
Shapeshifting  | 5 6 |  6.2
Fighting       | |  1.1

Action                     |  1- 3 |  4- 6 || total
---------------------------+-------+-------++-------
  Melee: Unarmed           |    59 |   105 ||   164
         Dagger            |       |    53 ||    53
         Punch             |       |     2 ||     2
Ability: Begin Untransform |     1 |     1 ||     2
    Use: Scroll            |     4 |     2 ||     6
         Potion            |     1 |     4 ||     5
 Armour: Animal skin       |    10 |       ||    10
         Chain mail        |    12 |    79 ||    91
         Skin              |       |    29 ||    29
  Dodge: Dodged            |    24 |    45 ||    69
   Form: Beast             |     1 |       ||     1
         Flux              |       |     1 ||     1

Table legend: (Time is in decaauts)
 A = Elapsed time spent in this place.
 B = Non-inter-level travel time spent in this place.
 C = Inter-level travel time spent in this place.
 D = Time resting spent in this place.
 E = Time spent auto-exploring this place.
 F = Levels seen in this place.
 G = Mean time per level.
                   A        B        C        D        E       F      G
               +--------+--------+--------+--------+--------+-----+--------+
         Total |   3176 |   3015 |    161 |    179 |   2260 |   5 |  635.2 |
       Dungeon |   3176 |   3015 |    161 |    179 |   2260 |   5 |  635.2 |
               +--------+--------+--------+--------+--------+-----+--------+

Top non-repeatable levels by time:
     D:4: 968 daAuts
     D:1: 788 daAuts
     D:3: 763 daAuts
     D:2: 568 daAuts
     D:5: 86 daAuts
